Map: Lightshade LE

Players

Chan

  • Race: Terran Terran
  • League: Master

FizzSerpent - Winner!

  • Race: Protoss Protoss
  • League: Diamond

VOD

Have the link to the VOD?

Description

Time

  • Played on: July 22, 2021, 1:26 a.m.
  • Length: 4:21
Show
View Real Time Build Order
Export as new Build Order

Chan Terran 

Build Orders: 1/1/1 

Get SALT Encoding   

  12  0:00  SCV  
  13  0:12  SCV  
  14  0:22  Supply Depot  
  14  0:24  SCV  
  15  0:44  SCV, Barracks  
  16  0:51  Supply Depot  
  16  0:55  Refinery  
  16  0:56  SCV  
  17  1:03  Refinery  
  17  1:08  SCV  
  18  1:20  SCV  
  19  1:32  Orbital Command  
  19  1:35  Marine  
  20  1:43  Factory  
  20  2:01  SCV  
  21  2:16  SCV  
  21  2:20  Supply Depot  
  22  2:27  Starport  
  22  2:28  Reaper, SCV  
  24  2:32  Factory Reactor  
  24  2:40  SCV  
  25  3:00  Marine  
  25  3:03  Fusion Core  
  26  3:05  Starport Tech Lab  
  26  3:16  Viking  
  26  3:17  Marine  
  29  3:29  Widow Mine  
  30  3:40  Barracks  
Show
View Real Time Build Order
Export as new Build Order

FizzSerpent Protoss - Winner!

Build Orders: Proxy Void Ray 

Get SALT Encoding   

  12  0:09  Pylon  
  12  0:13  Probe  
  13  0:27  Gateway  
  13  0:30  Probe  
  14  0:42  Probe (Chrono Boost), Assimilator  
  15  0:52  Probe (Chrono Boost)  
  15  0:53  Assimilator  
  16  0:57  Probe (Chrono Boost)  
  17  1:09  Probe  
  18  1:15  Cybernetics Core  
  18  1:18  Zealot  
  20  1:25  Probe  
  21  1:33  Pylon  
  21  1:38  Probe  
  22  1:54  Stargate  
  22  1:57  Adept  
  24  2:02  Probe  
  25  2:12  Shield Battery  
  25  2:20  Probe  
  25  2:22  Warp Gate  
  26  2:28  Void Ray (Chrono Boost)  
  26  2:32  Probe  
  31  2:44  Shield Battery  
  31  2:54  Pylon  
  31  3:09  Void Ray (Chrono Boost)  
  35  3:33  Pylon  
  35  3:36  Shield Battery  
Tags
 
Add a new tag
Caveats
  • Supply blocks, unpowered buildings, or Contaminate may cause inaccurate times.
  • Supply counts are checked every 10 seconds.